Map: Pylon LE

Players

Fidelis - Winner!

  • Race: Protoss Protoss
  • League: Diamond
  • Spawn Location: 5:00

ManlyManMeat

  • Race: Zerg Zerg
  • League: Diamond
  • Spawn Location: 11:00

VOD

Have the link to the VOD?

Description

Time

  • Played on: July 8, 2025, 7:28 a.m.
  • Length: 15:03
Show
View Real Time Build Order
Export as new Build Order

Fidelis Protoss - Winner!

Build Orders: 1 Gate Expand, Oracle Opening, Carriers 

Get SALT Encoding   

  1  0:00  Probe  
  12  0:05  Probe  
  14  0:14  Probe  
  15  0:24  Pylon  
  15  0:42  Probe  
  16  0:43  Gateway  
  16  0:53  Probe, Assimilator  
  17  1:01  Probe  
  17  1:09  Probe  
  19  1:20  Probe  
  20  1:28  Nexus  
  20  1:38  Cybernetics Core  
  20  1:40  Probe  
  21  1:48  Assimilator  
  21  1:52  Probe  
  22  1:55  Pylon  
  22  2:04  Probe  
  22  2:06  Adept  
  23  2:10  Gateway  
  23  2:19  Warp Gate  
  25  2:24  Shield Battery  
  25  2:26  Probe  
  26  2:39  Stargate, Probe  
  26  2:41  Probe  
  28  2:47  Probe  
  29  2:54  Probe  
  29  2:56  Probe, Sentry  
  32  3:04  Pylon  
  33  3:06  Probe  
  33  3:08  Probe  
  35  3:13  Oracle  
  35  3:18  Probe  
  36  3:20  Probe  
  40  3:30  Probe, Assimilator  
  40  3:32  Probe, Assimilator  
  42  3:35  Pylon  
  42  3:42  Probe  
  42  3:44  Probe  
  44  3:54  Probe  
  49  3:56  Probe  
  49  3:57  Void Ray  
  50  4:04  Forge  
  50  4:06  Twilight Council  
  50  4:09  Probe x2  
  52  4:21  Probe x2  
  54  4:30  Blink  
  54  4:31  Protoss Ground Weapons Level 1, Robotics Facility  
  54  4:37  Gateway  
  54  4:38  Gateway  
  54  4:40  Gateway  
  54  4:41  Gateway  
  54  4:43  Pylon  
  54  4:55  Probe  
  54  4:56  Probe  
  56  5:12  Stalker x2  
  60  5:20  Warp Prism  
  62  5:32  Pylon  
  62  5:37  Pylon  
  62  5:38  Stalker x3  
  62  5:39  Pylon, Stalker  
  70  5:50  Probe x2  
  70  5:56  Observer  
  73  5:58  Nexus  
  73  6:00  Pylon  
  73  6:05  Pylon  
  73  6:10  Stalker x2  
  77  6:11  Stalker  
  79  6:26  Shield Battery  
  79  6:28  Photon Cannon  
  79  6:30  Probe  
  79  6:31  Probe  
  79  6:32  Stalker x2  
  85  6:34  Stalker  
  87  6:44  Probe  
  87  6:45  Probe  
  87  6:46  Protoss Ground Armor Level 1  
  89  6:47  Charge  
  89  6:51  Templar Archives  
  89  6:57  Probe x2  
  91  7:11  Probe x3  
  94  7:23  Probe x2  
  94  7:26  Assimilator  
  94  7:28  Assimilator  
  96  7:31  Photon Cannon x2  
  96  7:33  Photon Cannon  
  96  7:35  Photon Cannon  
  96  7:37  Photon Cannon  
  96  7:41  Shield Battery  
  96  7:42  Shield Battery  
  96  7:56  Zealot x2  
  96  7:57  Zealot x4  
  108  8:02  Psionic Storm  
  108  8:05  Gateway x2  
  108  8:07  Pylon  
  108  8:09  Observer  
  108  8:11  Pylon  
  109  8:13  Pylon  
  109  8:16  Pylon  
  109  8:20  Probe  
  109  8:21  Probe x2  
  112  8:31  High Templar x2  
  112  8:32  High Templar x2  
  120  8:34  High Templar x2  
  120  8:39  Immortal  
  128  8:43  Protoss Ground Weapons Level 2  
  128  9:05  Zealot  
  128  9:06  Zealot x6  
  128  9:07  Zealot  
  138  9:39  Zealot x4  
  138  9:40  Zealot x4  
  144  10:04  Stalker x3  
  144  10:05  Stalker x5  
  130  10:45  Zealot x5  
  130  10:46  Zealot x3  
  144  10:57  Immortal  
  144  11:02  Fleet Beacon  
  140  11:05  Stargate  
  140  11:07  Stargate x2  
  140  11:11  Adept  
  136  11:14  Protoss Air Weapons Level 1  
  136  11:16  Stalker  
  138  11:27  High Templar x3  
  138  11:28  High Templar  
  138  11:30  High Templar x2  
  150  11:36  Archon x2  
  150  11:37  Archon  
  150  11:40  Observer  
  151  11:54  Carrier  
  157  12:05  Pylon  
  157  12:07  Pylon  
  157  12:09  Pylon  
  157  12:11  Pylon  
  157  12:13  Pylon  
  157  12:18  Pylon  
  157  12:21  Photon Cannon  
  157  12:23  Carrier, Photon Cannon  
  157  12:24  Protoss Shields Level 1  
  157  12:25  Carrier, Photon Cannon  
  157  12:27  Carrier  
  157  12:28  Pylon  
  175  12:32  Pylon  
  175  12:46  Zealot x4  
  175  12:47  Zealot x3  
  175  12:48  Zealot  
  143  13:16  Zealot  
  143  13:17  Zealot x4  
  143  13:18  Zealot x3  
  159  13:21  Carrier  
  165  13:28  Carrier  
  171  13:41  Zealot  
  171  13:42  Zealot x4  
  171  13:43  Zealot x3  
  161  14:18  High Templar x3  
  161  14:19  High Templar x3  
  161  14:20  High Templar  
  161  14:21  High Templar  
  161  14:23  Archon x2  
  161  14:24  Archon  
  177  14:25  Archon  
  177  14:52  Adept  
  177  14:56  Zealot x4  
  177  14:57  Zealot x3  
Show
View Real Time Build Order
Export as new Build Order

ManlyManMeat Zerg 

Build Orders: Hatch First, Roach Hydra 

Get SALT Encoding   

  12  0:00  Drone  
  13  0:08  Drone  
  14  0:14  Extractor  
  14  0:16  Drone  
  15  0:22  Overlord  
  15  0:42  Drone  
  16  0:48  Hatchery  
  15  0:50  Drone  
  15  0:54  Drone  
  17  1:03  Drone  
  18  1:08  Extractor  
  17  1:16  Spawning Pool  
  17  1:17  Drone  
  17  1:23  Drone  
  18  1:32  Drone  
  19  1:38  Drone  
  20  2:00  Overlord  
  20  2:05  Queen x2  
  20  2:06  Zergling x4  
  26  2:12  Metabolic Boost  
  26  2:19  Drone x2  
  28  2:35  Drone  
  29  2:39  Drone, Hatchery  
  29  2:55  Drone x3, Overlord  
  29  2:57  Overlord  
  32  3:01  Drone  
  33  3:08  Drone x2  
  35  3:18  Spore Crawler  
  35  3:19  Drone, Spore Crawler  
  34  3:20  Drone  
  34  3:25  Queen  
  38  3:27  Drone  
  38  3:32  Drone x3  
  41  3:45  Drone x5  
  46  3:56  Queen  
  46  4:00  Queen  
  50  4:07  Extractor  
  50  4:08  Extractor  
  50  4:09  Extractor  
  46  4:30  Drone x3  
  46  4:31  Drone x3  
  52  4:32  Drone x3  
  52  4:33  Overlord  
  52  4:35  Overlord x2  
  55  4:55  Drone  
  55  4:56  Drone x2  
  55  4:57  Drone x2  
  55  4:58  Lair  
  60  5:00  Evolution Chamber  
  60  5:01  Drone x3  
  60  5:02  Drone, Evolution Chamber  
  60  5:04  Drone x3  
  65  5:26  Drone x3  
  65  5:27  Overlord x3  
  68  5:29  Zerg Ground Armor Level 1, Zerg Missile Weapons Level 1  
  68  5:37  Roach Warren  
  67  5:57  Spawning Pool  
  67  6:00  Drone x3  
  68  6:08  Drone  
  68  6:09  Drone x2  
  68  6:10  Spine Crawler  
  68  6:11  Spine Crawler  
  69  6:12  Spore Crawler  
  68  6:23  Glial Reconstitution  
  68  6:24  Roach x5  
  68  6:25  Roach  
  80  6:33  Overseer x2  
  80  6:34  Pneumatized Carapace  
  80  6:36  Roach x9  
  98  6:55  Overlord x2  
  98  6:56  Overlord x3  
  98  6:59  Infestation Pit  
  96  7:13  Overlord x3, Hydralisk Den  
  96  7:19  Drone  
  96  7:21  Drone x2, Spine Crawler  
  98  7:41  Zerg Ground Armor Level 2, Zerg Missile Weapons Level 2  
  98  7:57  Hydralisk, Overlord  
  98  7:58  Hydralisk x14  
  102  7:59  Zergling x4  
  130  8:18  Hydralisk  
  130  8:19  Hydralisk x2  
  136  8:28  Grooved Spines  
  136  8:36  Hatchery  
  136  8:39  Hatchery  
  134  8:45  Hydralisk x4, Hatchery  
  134  8:46  Zergling x22  
  152  8:49  Overseer  
  152  9:13  Hydralisk x5  
  152  9:14  Overlord x4  
  162  9:18  Muscular Augments  
  159  9:24  Hydralisk  
  161  9:33  Hydralisk x3  
  120  10:09  Hydralisk x8  
  120  10:11  Zergling x2  
  112  10:28  Baneling Nest  
  98  10:29  Drone x3  
  98  10:32  Hydralisk x3  
  106  10:36  Extractor  
  106  10:41  Extractor  
  104  11:02  Hydralisk x5  
  104  11:03  Hydralisk x3  
  118  11:08  Drone x3  
  119  11:27  Drone x3  
  119  11:28  Drone x2  
  124  11:35  Hydralisk x6  
  124  11:36  Zergling x14  
  143  11:45  Extractor x2  
  141  11:52  Hydralisk x7  
  154  12:15  Hydralisk x7  
  154  12:16  Zergling x8  
  154  12:17  Zergling x10  
  177  12:34  Baneling x4  
  177  12:37  Zergling x4  
  177  12:38  Zergling x18  
  124  13:14  Hydralisk x11  
  124  13:15  Hydralisk x6  
  158  13:43  Infestation Pit  
  158  13:48  Zergling x14  
  99  14:03  Hydralisk x5  
  99  14:04  Hydralisk x8  
  119  14:15  Hydralisk  
  119  14:16  Hydralisk x2  
  123  14:17  Zergling x24  
  123  14:20  Drone  
  136  14:27  Zergling x10  
Tags
 
Add a new tag
Caveats
  • Supply blocks, unpowered buildings, or Contaminate may cause inaccurate times.
  • Supply counts are checked every 10 seconds.